 Dungeon Crawl Stone Soup version 0.30-a0-1053-gbd8d5ba0ad (webtiles) character file.

Game seed: 9080056717381531036

280 Hubris850 the Digger (level 6, -6/32 HPs)
             Began as a Gargoyle Earth Elementalist on Apr 11, 2023.
             Mangled by Edmund
             ... wielding a +3 dire flail of protection
              (13 damage)
             ... on level 5 of the Dungeon.
             The game lasted 00:06:18 (1981 turns).

Hubris850 the Digger (Gargoyle Earth Elementalist)  Turns: 1981, Time: 00:06:18

Health: -6/32      AC:  6    Str: 11    XL:     6   Next: 27%
Magic:  11/11      EV: 11    Int: 18    God:
Gold:   123        SH:  0    Dex: 10    Spells: 5/11 levels left

rFire   . . .      SeeInvis .    e - +0 dagger
rCold   . . .      Faith    .    (no shield)
rNeg    + . .      Spirit   .    a - +0 robe
rPois   ∞          Reflect  .    (no helmet)
rElec   +          Rampage  .    (no cloak)
rCorr   .                        (no gloves)
Will    .....                    (no boots)
Stlth   ++                       j - amulet of magic regeneration
HPRegen 0.25/turn                (no ring)
MPRegen 0.52/turn                (no ring)

@: attractive, very slightly contaminated
A: sickness immunity, AC +4, negative energy resistance 1, electricity
resistance, torment resistance 1, petrification resistance
a: no special abilities


You were on level 5 of the Dungeon.
You visited 1 branch of the dungeon, and saw 5 of its levels.

You collected 123 gold pieces.

Inventory:

Hand Weapons
 e - a +0 dagger (weapon)
 k - a +0 short sword
Missiles
 l - 4 javelins
Armour
 a - a +0 robe (worn)
Jewellery
 j - an amulet of magic regeneration (around neck)
Scrolls
 d - a scroll of identify {unknown}
 f - 2 scrolls of teleportation {unknown}
 g - a scroll of poison {unknown}
 h - a scroll of fog {unknown}
 n - a scroll of enchant weapon {unknown}
 o - a scroll of brand weapon {unknown}
Potions
 c - a potion of attraction
 i - a potion of mutation {unknown}
 m - 2 potions of heal wounds {unknown}


   Skills:
 - Level 1.5 Dodging
 - Level 4.0 Stealth
 + Level 3.4 Spellcasting
 + Level 2.5 Transmutations
 + Level 5.1 Earth Magic


You had 5 spell levels left.
You knew the following spells:

 Your Spells              Type           Power      Damage    Failure   Level
a - Sandblast             Erth           42%        2d11      1%          1
b - Passwall              Tmut/Erth      13%        N/A       4%          2
c - Stone Arrow           Conj/Erth      24%        3d8       16%         3

Your spell library contained the following spells:

 Spells                   Type           Power      Damage    Failure   Level
 Petrify                  Tmut/Erth      16%        N/A       32%         4


Dungeon Overview and Level Annotations

Branches:
Dungeon (6/15)
 Temple: D:4-7

Altars:
Dithmenos
Fedhas

Annotations:
D:5 Edmund


Innate Abilities, Weirdness & Mutations

You are immune to sickness and miasma.
Your stone body is resilient. (AC +4)
You are immune to poison.
You resist negative energy. (rN+)
You are resistant to electric shocks. (rElec)
You are resistant to unholy torment.
You are immune to petrification.


Message History

Edmund is lightly wounded.
Edmund misses you.
Casting: Stone Arrow (quite dangerous; 16% risk of failure)
Confirm with . or Enter, or press ? or * to list all spells.
The spell is quite dangerous to miscast (16% risk of failure)!
Continue anyway?
Aiming: Stone Arrow (quite dangerous; 16% risk of failure)
Press: ? - help, Shift-Dir - straight line, f/p - Edmund
Aim: Edmund, wielding a +3 dire flail of protection and wearing a +0 chain mail of positive energy (lightly wounded, 77% to hit)
The stone arrow misses Edmund.
Edmund closely misses you.
Unknown command.
There is a stone staircase leading up here.
Edmund barely misses you.
You climb upwards.
There is a stone staircase leading down here.
You aren't carrying any items that you can evoke.
Casting: Stone Arrow (quite dangerous; 16% risk of failure)
Confirm with . or Enter, or press ? or * to list all spells.
The spell is quite dangerous to miscast (16% risk of failure)!
Continue anyway?
Aiming: Stone Arrow (quite dangerous; 16% risk of failure)
Press: ? - help, Shift-Dir - straight line, f - Edmund
Aim: Edmund, wielding a +3 dire flail of protection and wearing a +0 chain mail of positive energy (lightly wounded, 77% to hit)
The stone arrow misses Edmund.
Edmund hits you with a +3 dire flail of protection!
Unknown command.
Casting: Stone Arrow (quite dangerous; 16% risk of failure)
Confirm with . or Enter, or press ? or * to list all spells.
The spell is quite dangerous to miscast (16% risk of failure)!
Continue anyway?
Aiming: Stone Arrow (quite dangerous; 16% risk of failure)
Press: ? - help, Shift-Dir - straight line, f/p - Edmund
Aim: Edmund, wielding a +3 dire flail of protection and wearing a +0 chain mail of positive energy (lightly wounded, 77% to hit)
You miscast Stone Arrow.
You are very lightly contaminated with residual magic.
Nothing appears to happen.
Edmund closely misses you. Magic courses through your body.
Edmund hits you with a +3 dire flail of protection!
* * * LOW HITPOINT WARNING * * *
It was a potion of attraction.
You feel attractive to monsters.
Edmund hits you with a +3 dire flail of protection!
You die...

########
#......#
#......#
#......#
#@.....#
#@######
#.# #.#
#.. #..
... #..#


You could see Edmund.

Vanquished Creatures
  A water moccasin (D:6)
  An ogre (D:6)
  Natasha (twice) (D:2)
  An adder (D:2)
  2 worms (D:2)
  2 dart slugs
  3 ball pythons (D:1)
  An endoplasm (D:2)
  A giant cockroach (D:1)
  2 goblins (D:2)
  3 hobgoblins
  A quokka (D:1)
  5 bats
  A frilled lizard (D:2)
  2 kobolds (D:2)
  A rat (D:2)
29 creatures vanquished.

Notes
Turn   | Place    | Note
-------+----------+-------------------------------------------
     0 | D:1      | Hubris850 the Gargoyle Earth Elementalist began the quest
                  | for the Orb.
     0 | D:1      | Reached XP level 1. HP: 10/10 MP: 3/3
   405 | D:1      | Reached skill level 1 in Transmutations
   405 | D:1      | Reached XP level 2. HP: 11/15 MP: 0/5
   572 | D:1      | Found a faded altar of an unknown god.
  1188 | D:2      | Learned a level 2 spell: Passwall
  1293 | D:2      | Reached skill level 4 in Earth Magic
  1309 | D:2      | Noticed Natasha
  1319 | D:2      | Killed Natasha
  1320 | D:2      | Reached XP level 3. HP: 8/19 MP: 4/6
  1410 | D:2      | Noticed Natasha
  1414 | D:2      | Killed Natasha
  1415 | D:2      | Reached XP level 4. HP: 24/24 MP: 5/7
  1698 | D:3      | You fall into a shaft and drop 3 floors!
  1698 | D:6      | Found a shadowy altar of Dithmenos.
  1703 | D:6      | Noticed an ogre
  1730 | D:6      | Killed an ogre
  1731 | D:6      | Reached XP level 5. HP: 28/28 MP: 7/9
  1735 | D:6      | Learned a level 3 spell: Stone Arrow
  1865 | D:6      | Noticed a water moccasin
  1871 | D:6      | Killed a water moccasin
  1872 | D:6      | Reached skill level 5 in Earth Magic
  1872 | D:6      | Reached XP level 6. HP: 20/32 MP: 8/11
  1942 | D:6      | Noticed Edmund
  1960 | D:6      | Found a blossoming altar of Fedhas.
  1977 | D:5      | Entered Level 5 of the Dungeon
  1981 | D:5      | Mangled by Edmund

Illustrated notes

Levels and vault maps discovered:
D:1:      minmay_arrival_jagged, layout_basic, dreamdust_ecumenical_altar_grove,
          grunt_decor_junction
D:2:      layout_basic, uniq_natasha
D:3:      layout_loops_corners, vehumet_crystals,
          minmay_randomly_rotated_circles
D:5:      layout_basic, makhleb_grotto_becter
D:6:      layout_basic, mainiacjoe_overflow_catch_the_wave,
          minmay_temple_entry_proselytizer, serial_shops, shop_coins,
          uniq_edmund, uniq_pikel

Skill      XL: |  1  2  3  4  5 |
---------------+----------------+-----
Transmutations | 1 2 |  2.5
Earth Magic    | 4 5 |  5.1
Stealth        | 3 4 |  4.0
Spellcasting   | 3 |  3.4
Dodging        | |  1.5

Action                     |  1- 3 |  4- 6 || total
---------------------------+-------+-------++-------
  Melee: Dagger            |    13 |     1 ||    14
  Throw: Javelin           |       |     2 ||     2
   Cast: Sandblast         |    33 |    20 ||    53
         Passwall          |     1 |     1 ||     2
         Stone Arrow       |       |     3 ||     3
    Use: Potion            |       |     2 ||     2
   Stab: Sleeping          |     1 |     1 ||     2
 Armour: Robe              |    16 |       ||    16
  Dodge: Dodged            |    16 |    12 ||    28

Table legend: (Time is in decaauts)
 A = Elapsed time spent in this place.
 B = Non-inter-level travel time spent in this place.
 C = Inter-level travel time spent in this place.
 D = Time resting spent in this place.
 E = Time spent auto-exploring this place.
 F = Levels seen in this place.
 G = Mean time per level.
                   A        B        C        D        E       F      G
               +--------+--------+--------+--------+--------+-----+--------+
         Total |   2012 |   1959 |     53 |    190 |   1411 |   5 |  402.4 |
       Dungeon |   2012 |   1959 |     53 |    190 |   1411 |   5 |  402.4 |
               +--------+--------+--------+--------+--------+-----+--------+

Top non-repeatable levels by time:
     D:1: 1018 daAuts
     D:2: 687 daAuts
     D:6: 284 daAuts
     D:3: 19 daAuts
     D:5: 3 daAuts
